| TOP OF THE 1ST |
|
Bowie Baysox batting - Pitching for Midland RockHounds : RHP Chad Casey
|
|
Pitching: RHP Chad Casey
|
|
|
Batting: RHB Jeremy Sipe
|
0-0: Ball 1-0: Swinging Strike 1-1: Ball 2-1: Bunt missed! 2-2: DOUBLE (Line Drive, 89M, EV 103.8 MPH)
|
|
Batting: RHB Muneer Maudad
|
0-0: Ball 1-0: Ball 2-0: Ball 3-0: Fly out, F8 (Line Drive, 89D, EV 89.4 MPH) Runner from 2nd tags up, SAFE at 3rd, no throw by CF
|
|
Batting: LHB Justin Moore
|
0-0: Ball 1-0: Ball 2-0: Ground out 6-3 (Groundball, 4M, EV 86.9 MPH) Jeremy Sipe scores
|
|
Batting: RHB Travis Leonard
|
0-0: Fly out, F3 (Line Drive, 3, EV 72.5 MPH)
|
| Top of the 1st over - 1 run, 1 hit, 0 errors, 0 left on base; Bowie 1 - Midland 0 |
| BOTTOM OF THE 1ST |
|
Midland RockHounds batting - Pitching for Bowie Baysox : RHP Cody Calderon
|
|
Pitching: RHP Cody Calderon
|
|
|
Batting: RHB Jonathan Ellis
|
0-0: Called Strike 0-1: Ball 1-1: SINGLE (Flyball, 78S, EV 90.6 MPH)
|
|
Batting: LHB Tom Raupp
|
0-0: Ball 1-0: Called Strike 1-1: Foul Ball, location: 2F 1-2: Foul Ball, location: 2F 1-2: Strikes out swinging
|
|
Batting: RHB Jonathan Gallup
|
0-0: Called Strike 0-1: Swinging Strike 0-2: Ball 1-2: Ball 2-2: Ball 3-2: Base on Balls Jonathan Ellis to second
|
|
Batting: LHB Alan Bianchard
|
0-0: Fielders Choice at 2nd, 4-6 (Groundball, 4, EV 84.4 MPH) Jonathan Ellis to third
|
|
Batting: RHB Micah Roth
|
0-0: Called Strike 0-1: Swinging Strike 0-2: Ball 1-2: Ball 2-2: Ground out 5-3 (Groundball, 5S, EV 85.0 MPH)
|
| Bottom of the 1st over - 0 runs, 1 hit, 0 errors, 2 left on base; Bowie 1 - Midland 0 |
| TOP OF THE 2ND |
|
Bowie Baysox batting - Pitching for Midland RockHounds : RHP Chad Casey
|
|
Batting: RHB John Gray
|
0-0: Called Strike 0-1: Ball 1-1: Called Strike 1-2: Ball 2-2: Ball 3-2: SINGLE (Groundball, 34S, EV 68.1 MPH) (infield hit)
|
|
Batting: LHB Andrew Erens
|
0-0: Ball 1-0: Fielders Choice at 2nd, 6-4 (Groundball, 6, EV 99.4 MPH)
|
|
Batting: RHB Andy Chess
|
0-0: Ball 1-0: Foul Ball, location: 2F 1-1: Ball 2-1: SINGLE (Groundball, 6MD, EV 107.5 MPH) Andrew Erens to second Runner from 2nd tries for 3rd, OUT! 8-5 Andy Chess to second
|
|
Batting: SHB Jared Boyce
|
0-0: Foul Ball, location: 2F 0-1: Foul Ball, location: 2F 0-2: Ball 1-2: Ball 2-2: Ball 3-2: Strikes out swinging
|
| Top of the 2nd over - 0 runs, 2 hits, 0 errors, 1 left on base; Bowie 1 - Midland 0 |
| BOTTOM OF THE 2ND |
|
Midland RockHounds batting - Pitching for Bowie Baysox : RHP Cody Calderon
|
|
Batting: RHB Todd Vanasco
|
0-0: Called Strike 0-1: Swinging Strike 0-2: Strikes out looking
|
|
Batting: RHB Roger Simmons
|
0-0: Ball 1-0: Foul Ball, location: 2F 1-1: Ball 2-1: Ball 3-1: Foul Ball, location: 2F 3-2: Ground out 6-3 (Groundball, 6, EV 101.2 MPH)
|
|
Batting: RHB David Sharp
|
0-0: Ball 1-0: Ball 2-0: Called Strike 2-1: Foul Ball, location: 2F 2-2: Strikes out swinging
|
| Bottom of the 2nd over - 0 runs, 0 hits, 0 errors, 0 left on base; Bowie 1 - Midland 0 |
| TOP OF THE 3RD |
|
Bowie Baysox batting - Pitching for Midland RockHounds : RHP Chad Casey
|
|
Batting: RHB Honório Szenes
|
0-0: Ball 1-0: Called Strike 1-1: Swinging Strike 1-2: Ball 2-2: Foul Ball, location: 2F 2-2: SINGLE (Line Drive, 8LS, EV 105.0 MPH)
|
|
Batting: RHB Jeremy Sipe
|
0-0: Ball 1-0: Called Strike 1-1: Called Strike 1-2: DOUBLE (Groundball, 5L, EV 96.9 MPH) Honório Szenes to third
|
|
Batting: RHB Muneer Maudad
|
0-0: Ball 1-0: Ball 2-0: Called Strike 2-1: Fly out, F7 (Flyball, 78M, EV 88.1 MPH) Runner from 3rd tags up, OUT at HOME! 7-2 Jeremy Sipe to third
|
|
Batting: LHB Justin Moore
|
0-0: Ball 1-0: Ball 2-0: Swinging Strike 2-1: Ball 3-1: Called Strike 3-2: DOUBLE (Line Drive, 7LM, EV 91.9 MPH) Jeremy Sipe scores
|
|
Batting: RHB Travis Leonard
|
0-0: Ground out 5-3 (Groundball, 56S, EV 81.2 MPH)
|
| Top of the 3rd over - 1 run, 3 hits, 0 errors, 1 left on base; Bowie 2 - Midland 0 |
| BOTTOM OF THE 3RD |
|
Midland RockHounds batting - Pitching for Bowie Baysox : RHP Cody Calderon
|
|
Batting: RHB Larry Clark
|
0-0: Fly out, F8 (Flyball, 8LM, EV 91.2 MPH)
|
|
Batting: RHB Jonathan Ellis
|
0-0: Called Strike 0-1: Foul Ball, location: 2F 0-2: Ball 1-2: Ball 2-2: Ball 3-2: Strikes out looking
|
|
Batting: LHB Tom Raupp
|
0-0: Called Strike 0-1: Ball 1-1: Fly out, F8 (Flyball, 8RS, EV 85.0 MPH)
|
| Bottom of the 3rd over - 0 runs, 0 hits, 0 errors, 0 left on base; Bowie 2 - Midland 0 |
| TOP OF THE 4TH |
|
Bowie Baysox batting - Pitching for Midland RockHounds : RHP Chad Casey
|
|
Batting: RHB John Gray
|
0-0: Foul Ball, location: 2F 0-1: Foul Ball, location: 2F 0-2: Strikes out swinging
|
|
Batting: LHB Andrew Erens
|
0-0: Called Strike 0-1: Ball 1-1: Ball 2-1: SINGLE (Groundball, 34D, EV 99.4 MPH)
|
|
Batting: RHB Andy Chess
|
0-0: Ball 1-0: Fly out, F8 (Flyball, 8LD, EV 73.1 MPH)
|
|
Batting: SHB Jared Boyce
|
0-0: Called Strike 0-1: Ball 1-1: Called Strike 1-2: Ball 2-2: Foul Ball, location: 2F 2-2: Ball Andrew Erens steals 2nd base 3-2: Foul Ball, location: 2F 3-2: Fly out, F7 (Line Drive, 7D, EV 86.9 MPH)
|
| Top of the 4th over - 0 runs, 1 hit, 0 errors, 1 left on base; Bowie 2 - Midland 0 |
| BOTTOM OF THE 4TH |
|
Midland RockHounds batting - Pitching for Bowie Baysox : RHP Cody Calderon
|
|
Batting: RHB Jonathan Gallup
|
0-0: Called Strike 0-1: Ball 1-1: Ball 2-1: Ground out 5-3 (Groundball, 5, EV 106.9 MPH)
|
|
Batting: LHB Alan Bianchard
|
0-0: Ball 1-0: Foul Ball, location: 2F 1-1: Ball 2-1: SINGLE (Groundball, 34D, EV 96.2 MPH)
|
|
Batting: RHB Micah Roth
|
0-0: Called Strike 0-1: Swinging Strike 0-2: Ball 1-2: Foul Ball, location: 2F 1-2: Ball 2-2: Foul Ball, location: 2F 2-2: Strikes out swinging
|
|
Batting: RHB Todd Vanasco
|
0-0: Ball 1-0: SINGLE (Groundball, 56, EV 105.6 MPH) Alan Bianchard to second
|
|
Batting: RHB Roger Simmons
|
0-0: Fly out, F6 (Line Drive, 6, EV 71.2 MPH)
|
| Bottom of the 4th over - 0 runs, 2 hits, 0 errors, 2 left on base; Bowie 2 - Midland 0 |
| TOP OF THE 5TH |
|
Bowie Baysox batting - Pitching for Midland RockHounds : RHP Chad Casey
|
|
Batting: RHB Honório Szenes
|
0-0: Hit by Pitch
|
|
Batting: RHB Jeremy Sipe
|
0-0: Called Strike 0-1: Swinging Strike 0-2: Strikes out swinging
|
|
Pitching: RHP Alfonso Alvarado
|
|
|
Batting: RHB Muneer Maudad
|
0-0: Ball 1-0: Called Strike 1-1: Reached on error, E6 (Groundball, 6, EV 86.9 MPH) Honório Szenes to second
|
|
Batting: LHB Justin Moore
|
0-0: Ball 1-0: Ball 2-0: Ball 3-0: Base on Balls Honório Szenes to third Muneer Maudad to second
|
|
Batting: RHB Travis Leonard
|
0-0: SINGLE (Line Drive, 7S, EV 91.9 MPH) Honório Szenes scores Muneer Maudad to third Justin Moore to second
|
|
Batting: RHB John Gray
|
0-0: Ball 1-0: Ball 2-0: Called Strike 2-1: Foul Ball, location: 2F 2-2: Ball 3-2: GRAND SLAM HOME RUN (Flyball, 78XD, EV 100.0 MPH), Distance : 406 ft
|
|
Pitching: LHP Rich Byrd
|
|
|
Batting: LHB Andrew Erens
|
0-0: Ball 1-0: Ball 2-0: Foul Ball, location: 2F 2-1: Ball 3-1: Ground out 5-3 (Groundball, 56, EV 86.9 MPH)
|
|
Batting: RHB Andy Chess
|
0-0: Foul Ball, location: 2F 0-1: Foul Ball, location: 2F 0-2: Foul Ball, location: 2F 0-2: Ball 1-2: Ball 2-2: Fly out, F9 (Flyball, 9LM, EV 96.2 MPH)
|
| Top of the 5th over - 5 runs, 2 hits, 1 error, 0 left on base; Bowie 7 - Midland 0 |
| BOTTOM OF THE 5TH |
|
Midland RockHounds batting - Pitching for Bowie Baysox : RHP Cody Calderon
|
|
Batting: RHB David Sharp
|
0-0: Ball 1-0: Fly out, F9 (Flyball, 9, EV 80.6 MPH)
|
|
Batting: RHB Larry Clark
|
0-0: Ball 1-0: Ball 2-0: Fly out, F9 (Flyball, 9S, EV 93.1 MPH)
|
|
Batting: RHB Jonathan Ellis
|
0-0: Ball 1-0: Called Strike 1-1: Ball 2-1: Foul Ball, location: 2F 2-2: Foul Ball, location: 2F 2-2: Ball 3-2: Strikes out swinging
|
| Bottom of the 5th over - 0 runs, 0 hits, 0 errors, 0 left on base; Bowie 7 - Midland 0 |
| TOP OF THE 6TH |
|
Bowie Baysox batting - Pitching for Midland RockHounds : LHP Rich Byrd
|
|
Batting: SHB Jared Boyce
|
0-0: Ball 1-0: Called Strike 1-1: Swinging Strike 1-2: Foul Ball, location: 2F 1-2: Foul Ball, location: 2F 1-2: Strikes out swinging wild pitch, reaches first!
|
|
Batting: RHB Honório Szenes
|
0-0: Foul Ball, location: 2F 0-1: Ball 1-1: Swinging Strike 1-2: Ball 2-2: Strikes out looking
|
|
Batting: RHB Jeremy Sipe
|
0-0: Foul Ball, location: 2F 0-1: Foul Ball, location: 2F 0-2: Fielders Choice at 2nd, 2-6 (Groundball, 2R, EV 65.6 MPH)
|
|
Batting: RHB Muneer Maudad
|
0-0: Called Strike Jeremy Sipe steals 2nd base (no throw) 0-1: Called Strike 0-2: Foul Ball, location: 2F 0-2: Fly out, F8 (Flyball, 8RM, EV 81.2 MPH)
|
| Top of the 6th over - 0 runs, 0 hits, 0 errors, 1 left on base; Bowie 7 - Midland 0 |
| BOTTOM OF THE 6TH |
|
Midland RockHounds batting - Pitching for Bowie Baysox : RHP Cody Calderon
|
|
Batting: LHB Tom Raupp
|
0-0: Called Strike 0-1: Ball 1-1: SOLO HOME RUN (Flyball, 8LXD, EV 108.8 MPH), Distance : 422 ft
|
|
Batting: RHB Jonathan Gallup
|
0-0: Called Strike 0-1: Ball 1-1: Foul Ball, location: 2F 1-2: SOLO HOME RUN (Flyball, 78XD, EV 100.0 MPH), Distance : 406 ft
|
|
Batting: LHB Alan Bianchard
|
0-0: Ball 1-0: Ball 2-0: SINGLE (Line Drive, 4MD, EV 103.1 MPH)
|
|
Batting: RHB Micah Roth
|
0-0: Called Strike 0-1: Ball 1-1: Swinging Strike 1-2: Reached on error, E6 (Groundball, 6S, EV 85.6 MPH) Alan Bianchard to second
|
|
Batting: RHB Todd Vanasco
|
0-0: Ball 1-0: Ball 2-0: Swinging Strike 2-1: SINGLE (Groundball, 25, EV 63.1 MPH) (infield hit) Alan Bianchard to third Micah Roth to second
|
|
Batting: RHB Roger Simmons
|
0-0: Ball 1-0: Ball 2-0: Fly out, F9 (Flyball, 9LS, EV 87.5 MPH) Runner from 3rd tags up, SCORES, throw by RF
|
|
Batting: RHB David Sharp
|
0-0: Fly out, F7 (Flyball, 7, EV 91.2 MPH)
|
|
Batting: RHB Larry Clark
|
0-0: Ball 1-0: Called Strike 1-1: Fly out, F9 (Flyball, 9S, EV 89.4 MPH)
|
| Bottom of the 6th over - 3 runs, 4 hits, 1 error, 2 left on base; Bowie 7 - Midland 3 |
| TOP OF THE 7TH |
|
Bowie Baysox batting - Pitching for Midland RockHounds : LHP Rich Byrd
|
|
Pitching: LHP Andy Silveira
|
|
|
Batting: LHB Justin Moore
|
0-0: Ball 1-0: Ball 2-0: Ball 3-0: Base on Balls
|
|
Batting: RHB Travis Leonard
|
0-0: Ground out 4-3 (Groundball, 34, EV 84.4 MPH) Justin Moore to second
|
|
Batting: RHB John Gray
|
0-0: Ball 1-0: Foul Ball, location: 2F 1-1: Ball 2-1: DOUBLE (Groundball, 3L, EV 97.5 MPH) Justin Moore scores
|
|
Batting: LHB Andrew Erens
|
0-0: Ball 1-0: Swinging Strike 1-1: Ball 2-1: Called Strike 2-2: Ball 3-2: Strikes out looking
|
|
Batting: RHB Andy Chess
|
0-0: Called Strike 0-1: Ball 1-1: Ball 2-1: Ball 3-1: Base on Balls
|
|
Batting: SHB Jared Boyce
|
0-0: Ball 1-0: Ball 2-0: Called Strike 2-1: Reached on error, E4 (Groundball, 4, EV 105.0 MPH) John Gray to third Andy Chess to second
|
|
Batting: RHB Honório Szenes
|
0-0: Ball 1-0: Ball 2-0: Ball 3-0: Base on Balls John Gray scores Andy Chess to third Jared Boyce to second
|
|
Batting: RHB Jeremy Sipe
|
0-0: Fly out, F8 (Flyball, 8RM, EV 83.8 MPH)
|
| Top of the 7th over - 2 runs, 1 hit, 1 error, 3 left on base; Bowie 9 - Midland 3 |
| BOTTOM OF THE 7TH |
|
Midland RockHounds batting - Pitching for Bowie Baysox : RHP Cody Calderon
|
|
Batting: RHB Jonathan Ellis
|
0-0: Ball 1-0: Ball 2-0: Ball 3-0: Base on Balls
|
|
Pitching: RHP Zachery Noyes
|
|
|
Batting: LHB Tom Raupp
|
0-0: Foul Ball, location: 2F 0-1: Swinging Strike 0-2: Foul Ball, location: 2F 0-2: Ball 1-2: Ball 2-2: Strikes out swinging
|
|
Batting: RHB Jonathan Gallup
|
0-0: Called Strike 0-1: Swinging Strike 0-2: Strikes out swinging
|
|
Batting: LHB Alan Bianchard
|
0-0: Called Strike 0-1: Called Strike 0-2: Ball 1-2: Fly out, F9 (Flyball, 9, EV 79.4 MPH)
|
| Bottom of the 7th over - 0 runs, 0 hits, 0 errors, 1 left on base; Bowie 9 - Midland 3 |
| TOP OF THE 8TH |
|
Bowie Baysox batting - Pitching for Midland RockHounds : LHP Andy Silveira
|
|
Batting: RHB Muneer Maudad
|
0-0: Called Strike 0-1: Fly out, F2 (Popup, 23F, EV 79.4 MPH)
|
|
Batting: LHB Justin Moore
|
0-0: Foul Ball, location: 2F 0-1: Ball 1-1: Ball 2-1: Called Strike 2-2: Foul Ball, location: 2F 2-2: Strikes out swinging
|
|
Batting: RHB Travis Leonard
|
0-0: Ball 1-0: Ball 2-0: Foul Ball, location: 2F 2-1: Foul Ball, location: 2F 2-2: Foul Ball, location: 2F 2-2: Ball 3-2: Base on Balls
|
|
Batting: RHB John Gray
|
0-0: Ball Travis Leonard steals 2nd base 1-0: Ball 2-0: Ball 3-0: Base on Balls
|
|
Pitching: RHP Jesus Moreno
|
|
|
Batting: LHB Andrew Erens
|
0-0: Called Strike 0-1: Called Strike 0-2: Ball 1-2: Strikes out swinging
|
| Top of the 8th over - 0 runs, 0 hits, 0 errors, 2 left on base; Bowie 9 - Midland 3 |
| BOTTOM OF THE 8TH |
|
Midland RockHounds batting - Pitching for Bowie Baysox : RHP Zachery Noyes
|
|
Batting: RHB Micah Roth
|
0-0: Ball 1-0: Ball 2-0: Ground out 5-3 (Groundball, 56, EV 83.1 MPH)
|
|
Batting: RHB Todd Vanasco
|
0-0: Ball 1-0: Ball 2-0: Ball 3-0: Base on Balls
|
|
Batting: RHB Roger Simmons
|
0-0: Ball 1-0: Called Strike 1-1: Foul Ball, location: 2F 1-2: Ground out 5-3 (Groundball, 56S, EV 65.0 MPH) Todd Vanasco to second
|
|
Batting: RHB David Sharp
|
0-0: Ball 1-0: Ball 2-0: Swinging Strike 2-1: Foul Ball, location: 2F 2-2: Ball Wild Pitch! Todd Vanasco to third 3-2: Strikes out swinging
|
| Bottom of the 8th over - 0 runs, 0 hits, 0 errors, 1 left on base; Bowie 9 - Midland 3 |
| TOP OF THE 9TH |
|
Bowie Baysox batting - Pitching for Midland RockHounds : RHP Jesus Moreno
|
|
Batting: RHB Andy Chess
|
0-0: Swinging Strike 0-1: Ball 1-1: Ball 2-1: Called Strike 2-2: Strikes out swinging
|
|
Batting: SHB Jared Boyce
|
0-0: Ball 1-0: Swinging Strike 1-1: Foul Ball, location: 2F 1-2: Foul Ball, location: 2F 1-2: Ball 2-2: Strikes out swinging
|
|
Batting: RHB Honório Szenes
|
0-0: Ball 1-0: Called Strike 1-1: Called Strike 1-2: Ball 2-2: Strikes out swinging
|
| Top of the 9th over - 0 runs, 0 hits, 0 errors, 0 left on base; Bowie 9 - Midland 3 |
| BOTTOM OF THE 9TH |
|
Midland RockHounds batting - Pitching for Bowie Baysox : RHP Zachery Noyes
|
|
Batting: RHB Larry Clark
|
0-0: Foul Ball, location: 2F 0-1: Ball 1-1: Swinging Strike 1-2: Strikes out swinging
|
|
Batting: RHB Jonathan Ellis
|
0-0: Called Strike 0-1: Fly out, F8 (Flyball, 8RXD, EV 102.5 MPH)
|
|
Batting: LHB Tom Raupp
|
0-0: Ball 1-0: Foul Ball, location: 2F 1-1: Ball 2-1: SINGLE (Line Drive, 7S, EV 108.8 MPH)
|
|
Batting: RHB Jonathan Gallup
|
0-0: Ball 1-0: Called Strike 1-1: Ball 2-1: Foul Ball, location: 2F 2-2: Strikes out swinging
|
| Bottom of the 9th over - 0 runs, 1 hit, 0 errors, 1 left on base; Bowie 9 - Midland 3 |
|